 Dungeon Crawl Stone Soup version 0.25-a0-294-gea9b1ad378 (webtiles) character file.

Game seed: 1315896586154827973, levelgen mode: deterministic

13 MrRokkomies the Firebug (level 2, -1/20 HPs)
             Began as a Gnoll Wanderer on Dec 16, 2019.
             Slain by a jackal (2 damage)
             ... on level 1 of the Dungeon.
             The game lasted 00:02:51 (383 turns).

MrRokkomies the Firebug (Gnoll Wanderer)             Turns: 383, Time: 00:02:52

Health: -1/20      AC:  6    Str: 14    XL:     2   Next: 37%
Magic:  2/2        EV: 10    Int: 14    God:
Gold:   0          SH:  0    Dex: 14    Spells: 1/1 levels left

rFire    . . .     SeeInvis .   f - +0 mace
rCold    . . .     Gourm    .   (no shield)
rNeg     . . .     Faith    +   b - +0 ring mail
rPois    .         Spirit   .   (no helmet)
rElec    .         Reflect  .   (no cloak)
rCorr    .         Harm     .   (no gloves)
MR       .....                  (no boots)
Stlth    +.........             e - amulet of faith
HPRegen  0.06/turn              (no ring)
MPRegen  0.08/turn              (no ring)

@: no status effects
A: distributed training, fangs 1, strong nose
a: no special abilities


You were on level 1 of the Dungeon.
You were not hungry.

You visited 1 branch of the dungeon, and saw 1 of its levels.

Inventory:

Hand Weapons
 a - a +0 club
 f - a +0 mace (weapon)
Missiles
 g - 9 poisoned darts (quivered)
Armour
 b - a +0 ring mail (worn)
Jewellery
 e - an amulet of faith (around neck)
Comestibles
 d - a ration


   Skills:
 + Level 0.3 Fighting
 + Level 0.3 Short Blades
 + Level 0.3 Long Blades
 + Level 0.3 Axes
 + Level 2.4 Maces & Flails
 + Level 0.3 Polearms
 + Level 0.3 Staves
 + Level 0.3 Slings
 + Level 0.3 Bows
 + Level 0.3 Crossbows
 + Level 0.3 Throwing
 + Level 4.4 Armour
 + Level 0.3 Dodging
 + Level 0.3 Stealth
 + Level 4.4 Shields
 + Level 0.3 Unarmed Combat
 + Level 0.3 Spellcasting
 + Level 0.2 Conjurations
 + Level 0.2 Hexes
 + Level 0.2 Charms
 + Level 0.2 Summonings
 + Level 3.7 Necromancy
 + Level 0.2 Translocations
 + Level 0.2 Transmutations
 + Level 5.3 Fire Magic
 + Level 0.2 Ice Magic
 + Level 0.2 Air Magic
 + Level 0.2 Earth Magic
 + Level 0.2 Poison Magic
 + Level 0.4 Invocations
 + Level 0.3 Evocations


You had one spell level left.
You didn't know any spells.
Your spell library contained the following spells:

 Spells                   Type           Power        Failure   Level  Hunger
 Animate Skeleton         Necr           N/A          12%         1    ##.....
 Pain                     Necr           ##..         12%         1    ##.....
 Vampiric Draining        Necr           ##........   34%         3    ####...
 Regeneration             Chrm/Necr      #.........   58%         3    ####...
 Animate Dead             Necr           N/A          75%         4    #####..


Dungeon Overview and Level Annotations

Branches:
Dungeon (1/15)

Altars:


Innate Abilities, Weirdness & Mutations

Your experience applies equally to all skills.
You have very sharp teeth.
Your uncanny sense of smell can sniff out nearby items.


Message History

You barely miss the leopard gecko.
The leopard gecko is almost dead.
The jackal bites you but does no damage.
The jackal bites you. The leopard gecko bites you.
* * * LOW HITPOINT WARNING * * *
The jackal closely misses you. The leopard gecko closely misses you.
You barely miss the leopard gecko.
You bite the leopard gecko, but do no damage.
The leopard gecko is almost dead.
The jackal bites you but does no damage.
The kobold throws a stone.
The stone hits you but does no damage. The leopard gecko bites you.
* * * LOW HITPOINT WARNING * * *
The jackal bites you but does no damage.
You completely miss the leopard gecko. You bite the leopard gecko.
You kill the leopard gecko!
The jackal bites you.
* * * LOW HITPOINT WARNING * * *
The jackal bites you.
You die...

#≈#P.#(..#.#..####....†........
P.P..#...÷...........)†........
.....#...#.............?.......
.<.............................
...............................
P.P.........#.........#.#.###..
#≈#P........#...h.....###.%# .
#≈##..#.....#.##.#..#.# .##
≈≈≈≈..#........#@#.##... #.
#≈##..#...#....hhhg...### #
#≈#P..######...#.......# P...
.............## ...
............... ....K..........
.........#..... .....#.###.###.
..#..


You could see 4 jackals, a hobgoblin and a kobold.

Vanquished Creatures
  A leopard gecko (D:1)
  2 bats (D:1)
  A goblin (D:1)
  2 hobgoblins (D:1)
  A jackal (D:1)
  A kobold (D:1)
  A frilled lizard (D:1)
  2 rats (D:1)
11 creatures vanquished.

Notes
Turn   | Place    | Note
-------+----------+-------------------------------------------
     0 | D:1      | MrRokkomies the Gnoll Wanderer began the quest for the Orb.
     0 | D:1      | MrRokkomies set off with the following items: a +0 club, a
                  | +0 ring mail, a ration; and the following spells available
                  | to memorise: Animate Skeleton, Pain, Vampiric Draining,
                  | Regeneration, Animate Dead
     0 | D:1      | Reached XP level 1. HP: 13/13 MP: 1/1
    85 | D:1      | Reached XP level 2. HP: 3/19 MP: 2/2
   383 | D:1      | HP: 1/20 [jackal (2)]
   383 | D:1      | Slain by a jackal

Levels and vault maps discovered:
D:1:      eino_arrival_water_cross, layout_basic, minmay_heptomino_h4

Action                   || total
-------------------------++-------
Melee: Mace              ||    32
       Club              ||    10
       Bite              ||     2
  Use: Scroll            ||     1
Armor: Ring mail         ||    49
Dodge: Dodged            ||    55

Table legend:
 A = Non-vault XP
 B = Vault XP
 C = Vault XP percentage of total XP
 D = Non-vault monster count
 E = Vault monster count
 F = Vault count percentage of total count
                 A         B        C        D         E       F
            +---------+---------+-------+---------+---------+-------
      Total |      15 |       4 |  21.1 |       9 |       2 |  18.2
            +---------+---------+-------+---------+---------+-------
        D:1 |      15 |       4 |  21.1 |       9 |       2 |  18.2
            +---------+---------+-------+---------+---------+-------
